AoeStats
← andonihc9

Arabia

510161339Analyzed
1v1 RM · 2d ago on Sep 29, 2026· 87m 38s· 2 players
Game mode
Random Map
Map size
Tiny (2 player)
Population
200
Speed
Normal
Resources
Standard
Victory
Conquest
Starting age
Dark Age
Ending age
Imperial Age
RankedLock teamsTeams togetherTeam positionsShared explorationLock speedFull tech treeHidden civsTurbo modeCheats
Victory
Defeat
🇨🇴 Franks · Colombia
811
+15
🇲🇽 Byzantines · Mexico
791
-26
andonihc9
9:12 Loom
11:05 Feudal Age
13:16 Double-Bit Axe
19:10 Fletching
19:46 Arson
27:20 Castle Age
26:36 Gold Mining
26:44 Horse Collar
27:44 Pikeman
28:25 Squires
28:35 Thumb Ring
28:30 Crossbowman
29:49 Heavy Plow
30:46 Bodkin Arrow
31:08 Forging
36:24 Stone Mining
38:31 Wheelbarrow
39:17 Ballistics
42:57 Imperial Age
40:44 Hand Cart
40:53 Fervor
41:12 Murder Holes
42:50 Iron Casting
42:10 Bodkin Arrow
43:08 Bow Saw
43:13 Arbalester
43:56 Padded Archer Armor
44:59 Chemistry
43:52 Capped Ram
44:52 Fortified Wall
44:56 Siege Ram
45:11 Halberdier
46:17 Elite Cataphract
47:33 Bracer
50:51 Gold Shaft Mining
50:52 Stone Shaft Mining
50:25 Scale Mail Armor
50:31 Scale Barding Armor
49:49 Heavy Camel Rider
50:30 Husbandry
55:33 Gambesons
62:25 Light Cavalry
65:19 Hussar
71:31 Chain Mail Armor
71:37 Chain Barding Armor
71:32 Leather Archer Armor
77:55 Guilds
79:54 Plate Mail Armor
UniDavidUni
2:43 Loom
11:26 Feudal Age
11:57 Double-Bit Axe
19:44 Castle Age
18:53 Stone Mining
20:06 Forging
22:33 Town Watch
27:41 Iron Casting
29:01 Ordonnance Companies
30:53 Bow Saw
35:19 Wheelbarrow
37:06 Hand Cart
37:21 Gold Mining
40:46 Gold Shaft Mining
41:06 Husbandry
40:54 Gambesons
41:09 Squires
40:55 Arson
41:19 Scale Barding Armor
41:15 Scale Mail Armor
42:20 Town Patrol
46:11 Imperial Age
45:20 Padded Archer Armor
46:22 Cavalier
47:25 Conscription
47:38 Chain Barding Armor
48:19 Blast Furnace
47:35 Chain Mail Armor
47:36 Leather Archer Armor
47:12 Fletching
46:47 Light Cavalry
49:05 Paladin
50:54 Plate Barding Armor
53:12 Chivalry
52:33 Elite Throwing Axeman
56:53 Elite Skirmisher
58:23 Bodkin Arrow
59:52 Ballistics
59:17 Treadmill Crane
65:13 Chemistry
64:10 Murder Holes
64:03 Arrowslits
Connection lost

Rejoining the realm…

Still unreachable

The connection could not be restored.

Session expired

The server has moved on; the page needs a fresh start.